[Event "Summer Prague Open-A 2022"]
[Site "Prague"]
[Date "2022.08.12"]
[Round "9.10"]
[White "Dauth, Benjamin"]
[Black "Guz, Ari"]
[Result "0-1"]
[ECO "B34"]
[WhiteElo "2243"]
[BlackElo "2331"]
[Annotator "TA"]
[PlyCount "64"]
[EventDate "2022.08.05"]
[EventType "swiss"]
[EventCountry "CZE"]
[SourceTitle "playchess.com"]
[Source "ChessBase"]
[SourceQuality "1"]
[TimeControl "40/5400+30:1800+30"]

1. e4 c5 2. Nf3 Nc6 3. d4 cxd4 4. Nxd4 g6 5. Nxc6 bxc6 6. Bd2 Bg7 7. Bc3 Nf6 8. Bd3 O-O {[%emt 0:04:38] B33: Sicilian: Pelikan and Sveshnikov Variations.} 9. O-O d5 10. exd5 cxd5 {[%emt 0:00:47] Black is slightly better.} 11. Be5 {[%emt 0:02:36] [#] Inhibits Qd6.} (11. Qf3 $11) 11... Bb7 $146 (11... Ng4 $1 $17 12. Bxg7 Qd6) ({Predecessor:} 11... Qb6 12. Nd2 Ba6 13. c4 dxc4 14. Nxc4 Qe6 15. Qe2 Rfd8 16. Bxf6 Qxf6 17. b3 Bb7 {½-½ (43) Stojkoski,A (2104)-Hestvik,E (1860) Struga 2021}) 12. Nd2 $11 Nd7 13. Bxg7 Kxg7 14. Re1 e5 15. c4 d4 16. Be4 (16. a3 $11 {keeps the balance.}) 16... Bxe4 $17 17. Nxe4 f5 18. Ng3 Qb6 19. Qd2 a5 {[%emt 0:12:36] Inhibits b4.} 20. Rad1 Qc5 21. b3 Rad8 22. Ne2 Nf6 23. Nc1 Rfe8 24. Nd3 Qc7 25. Qg5 (25. Nc1 $142) 25... h6 $19 26. Qh4 g5 27. Qg3 (27. Qh3 {was the only defense.} e4 28. Qxf5) 27... f4 28. Qh3 e4 {[%emt 0:00:21] Threatens to win with ...g4.} 29. Nc1 $2 (29. Qf5 exd3 30. Qxd3) 29... d3 {[%emt 0:01:47] Black is clearly winning.} 30. Nxd3 g4 {[%emt 0:06:32][%mdl 64] [#] Deflection} ({Wrong is} 30... Rxd3 $2 31. Rxd3 exd3 32. Rxe8 $19) 31. Qh4 Rxd3 32. h3 Qd7 {[%emt 0:04:50] Weighted Error Value: White=0.51/Black=0.12 (very precise)} 0-1

[Event "Summer Prague Open-A 2022"]
[Site "Prague"]
[Date "2022.08.12"]
[Round "9.11"]
[White "Brejnik, Gustav"]
[Black "Svatos, Jan"]
[Result "1-0"]
[ECO "A77"]
[WhiteElo "2292"]
[BlackElo "2185"]
[Annotator "TA"]
[PlyCount "85"]
[EventDate "2022.08.05"]
[EventType "swiss"]
[EventCountry "CZE"]
[SourceTitle "playchess.com"]
[Source "ChessBase"]
[SourceQuality "1"]
[TimeControl "40/5400+30:1800+30"]

1. d4 Nf6 2. c4 e6 3. Nf3 c5 4. d5 exd5 5. cxd5 d6 6. Nc3 g6 7. Nd2 Bg7 8. e4 O-O 9. Be2 Re8 10. O-O a6 11. a4 Nbd7 12. Re1 Ne5 13. f4 {[%emt 0:13:43] A77: Modern Benoni: Classical: 9...Re8 10 Nd2: 10...a6 and 10...Nbd7.} Neg4 14. Bf3 ({But not} 14. Nc4 $2 Nxe4 $1 15. Bxg4 Bxg4 16. Qxg4 Nxc3 $19) 14... h5 $1 {[%emt 0:01:28][%cal Of6d5] Threatens to win with ...Nxd5!} 15. h3 {[%emt 0:03:48] [#] aiming for Nc4. The position is equal.} Nh6 $146 {[%emt 0:00:26] Black cannot hold the game after this.} (15... Nxd5 $1 $15 16. Nxd5 Bd4+ 17. Kf1 {[#]} Qh4 $1) ({Predecessor:} 15... Nxe4 16. Rxe4 Bd4+ 17. Rxd4 cxd4 18. hxg4 dxc3 19. Nf1 Qb6+ 20. Kh2 hxg4 21. a5 cxb2 22. Bxb2 Qxb2 23. Rb1 Qh8+ 24. Kg1 gxf3 {0-1 (24) Budrewicz,K (2183)-Gabrielian,A (2464) Chess.com INT 2021}) 16. Nc4 $18 Nh7 17. Be3 Bf8 (17... b6 $142 18. Qd3 Rb8) 18. Qd2 Kh8 19. Bf2 Bd7 20. a5 Rc8 21. Rab1 b5 $2 (21... Kg8 {was worth a try.} 22. Be2 Rc7) 22. axb6 Bb5 23. Na3 Qd7 (23... Rb8 $142 24. Naxb5 axb5) 24. b4 c4 25. Bd4+ Bg7 26. Ra1 Ra8 27. Bxg7+ Kxg7 28. Qd4+ Kg8 29. Nxc4 Bxc4 30. Qxc4 Rec8 31. Qd4 Nf8 32. Be2 Qb7 33. Na4 Nd7 34. Rec1 Rab8 35. Rxc8+ Qxc8 36. Qc4 Qe8 (36... Qxc4 37. Bxc4 Nxb6) 37. Bd3 {[%emt 0:01:29] White is clearly winning.} Nxb6 38. Nxb6 Rxb6 39. Rxa6 Rxa6 40. Qxa6 {[%emt 0:00:06] KQB-KQN} f5 41. e5 dxe5 42. fxe5 {[%emt 0:02:03] e6 is the strong threat.} Qxe5 43. Qxg6+ {[%emt 0:00:18] Weighted Error Value: White=0.20 (precise) /Black=0.62} 1-0

[Event "Summer Prague Open-A 2022"]
[Site "Prague"]
[Date "2022.08.12"]
[Round "9.13"]
[White "Fiskaaen, Martin Holten"]
[Black "Karas, Marek"]
[Result "0-1"]
[ECO "D10"]
[WhiteElo "1930"]
[BlackElo "2286"]
[Annotator "TA"]
[PlyCount "72"]
[EventDate "2022.08.05"]
[EventType "swiss"]
[EventCountry "CZE"]
[SourceTitle "playchess.com"]
[Source "ChessBase"]
[SourceQuality "1"]
[TimeControl "40/5400+30:1800+30"]

1. d4 d5 2. c4 c6 3. Nc3 Nf6 4. e3 a6 5. Nf3 b5 6. b3 Bg4 7. Bd3 {[%emt 0:10:45] 7.a4 is a critical line.} e6 {[%emt 0:01:49] D15: Slav Defence: 4 Nc3 a6 and gambit lines after 4 Nc3 dxc4.} 8. a4 bxc4 9. bxc4 Bb4 {[%emt 0:00:30] The position is equal.} 10. Bd2 {[%emt 0:02:51] [#]} (10. Bb2 $5 ) 10... O-O $146 ({Predecessor:} 10... dxc4 11. Bxc4 c5 12. dxc5 Bxc5 13. h3 Bh5 14. a5 O-O 15. Na4 Bd6 16. Nb6 Ra7 {½-½ (56) Kempinski,R (2528)-Slobodjan,R (2561) Germany 2000}) 11. O-O a5 12. Rc1 Nbd7 13. cxd5 cxd5 14. Nb5 Ne4 15. Bxb4 axb4 16. h3 Bh5 17. g4 (17. Qc2 $1 $11) 17... Bg6 $17 18. Ne5 $2 {[%emt 0:01:01][%mdl 8192] [#] This costs White the game.} (18. Kg2 $17) 18... Nxe5 $19 19. dxe5 Qh4 20. Bxe4 Bxe4 21. Kh2 $2 (21. Qe2) 21... f5 {[%emt 0:04:49][%cal Bf7f5,Bf5g4][%mdl 32] [#] aiming for ...fxg4.} 22. f3 (22. g5 $142 f4 23. Qg4 Qxg4 24. hxg4 fxe3 25. fxe3) 22... fxg4 23. fxe4 Qxh3+ 24. Kg1 Qxe3+ 25. Kh2 Rxf1 26. Qxf1 Qd2+ (26... Rf8 $142 27. Qxf8+ Kxf8 28. Rf1+ Ke7) 27. Kg1 g3 {[%emt 0:00:49][%csl Gg3][%cal Rd2h2] Black mates.} 28. Qh3 Qxc1+ {[%emt 0:00:14] KQR-KQN} 29. Kg2 Qd2+ 30. Kg1 Qe1+ 31. Kg2 Qxe4+ 32. Kg1 Qe1+ 33. Kg2 Qf2+ 34. Kh1 g2+ 35. Qxg2 Qxg2+ 36. Kxg2 b3 {[%emt 0:00:11] Weighted Error Value: White=0.90/Black=0.35} 0-1

[Event "Summer Prague Open-A 2022"]
[Site "Prague"]
[Date "2022.08.12"]
[Round "9.14"]
[White "Kvaloy, Aksel Bu"]
[Black "Jun, Rudolf"]
[Result "1-0"]
[ECO "B31"]
[WhiteElo "2289"]
[BlackElo "2134"]
[Annotator "TA"]
[PlyCount "87"]
[EventDate "2022.08.05"]
[EventType "swiss"]
[EventCountry "CZE"]
[SourceTitle "playchess.com"]
[Source "ChessBase"]
[SourceQuality "1"]
[TimeControl "40/5400+30:1800+30"]

1. e4 c5 2. Nf3 Nc6 3. Bb5 g6 4. O-O Bg7 5. Re1 e5 6. b4 cxb4 7. a3 Nge7 8. axb4 O-O 9. Bb2 (9. Bxc6 $5 Nxc6 10. b5 $11) 9... d6 {[%emt 0:02:38] B31: Sicilian: 2...Nc6 3 Bb5 g6.} 10. Bxc6 Nxc6 11. b5 Nd4 {[%emt 0:02:01] The position is equal.} 12. Nxd4 exd4 13. c4 {[%emt 0:11:15] [#]} f5 $146 ({Predecessor:} 13... dxc3 14. Nxc3 Be6 15. d4 Qb6 16. d5 Bd7 17. Qd3 a6 18. Reb1 axb5 19. Na4 Qa7 {0-1 (33) Koszta,B (1905)-Szamoskozi,G (2257) Hungary 2019}) 14. d3 f4 15. f3 $1 g5 16. Nd2 h5 17. Nb3 g4 18. Qe2 (18. Bxd4 Bxd4+ 19. Nxd4 Qb6 $14) (18. Nxd4 $2 Qb6 19. e5 dxe5 $19) 18... Kh7 19. Bxd4 (19. Nxd4 $6 Qb6 20. Qf2 g3 21. hxg3 fxg3 $11) 19... Be5 20. Bb2 {[%emt 0:05:23] White is more active.} Qh4 $1 (20... gxf3 21. gxf3 a5 22. d4 $16) 21. d4 g3 $1 22. h3 (22. hxg3 $2 fxg3 $1 23. Qd3 Qh2+ 24. Kf1 Bh3 $19) 22... Bxh3 $1 {[%emt 0:14:26][%cal Oh3g4] Hoping for ...Bg4!} 23. gxh3 (23. dxe5 Be6 24. Qc2 Rac8 $19) ({White should try} 23. Nd2 $1 $14 Bd7 24. Nf1) 23... g2 $1 $11 24. dxe5 Rg8 25. Qd2 (25. exd6 $2 Qxh3 26. e5 Qh1+ 27. Kf2 g1=B+ 28. Rxg1 Qh4+ 29. Kf1 Rxg1+ 30. Kxg1 Rg8+ 31. Qg2 Rxg2+ 32. Kxg2 Qg3+ 33. Kf1 Qxf3+ 34. Ke1 Qe3+ 35. Kf1 Qxb3 $19) 25... Qxh3 {[%emt 0:01:56] ( -> ...Qh1+)} 26. Bd4 {[%emt 0:04:09] And now Kf2 would win.} (26. Qxd6 Qh1+ 27. Kf2 g1=Q+ 28. Rxg1 Qh2+) 26... dxe5 27. Bc5 {[%emt 0:00:31] [#]} (27. Bxe5 Qh1+ 28. Kf2 g1=Q+ 29. Ke2 Qxf3+ $3 30. Kxf3 Qg4+ 31. Kf2 Qg2#) (27. Kf2 $1 $11 exd4 28. Rg1 (28. Qxf4 $2 Raf8 $19)) 27... Rad8 (27... b6 $1 $17 28. Red1 Qh4 29. Qd7+ Rg7 30. Qf5+ Kh8 31. Qxe5 bxc5 32. Nxc5 Qh1+ 33. Kf2 g1=B+ 34. Rxg1 Qh2+ 35. Ke1 Qxg1+ 36. Kd2 Qe3+ 37. Kc2 Rd8) 28. Qc3 Qh1+ $2 {[%emt 0:00:43][%mdl 8192] White now steadily converts the win.} (28... Rg3 $11 29. Kf2 (29. Qxe5 Qh1+ 30. Kf2 g1=B+ 31. Rxg1 Rxf3+ 32. Ke2 Qh2+ 33. Ke1 Qh4+ 34. Ke2 Qh2+ 35. Ke1 Qh4+ 36. Ke2 Qh2+ $11) 29... g1=R 30. Rxg1 Rd4 31. Bxd4 (31. Nxd4 $2 {gets mated.} Qh2+) 31... exd4 32. Qxd4 Qh2+ 33. Kf1 Rxf3+ 34. Ke1 Re3+ 35. Kd1 (35. Qxe3 fxe3 36. Rf1 Qb2 $17) 35... Qxg1+ 36. Kc2 Re2+ 37. Kd3 Re3+ 38. Kc2 Re2+ 39. Kd3 Re3+ 40. Kc2) 29. Kf2 $18 g1=Q+ 30. Rxg1 Qh2+ 31. Kf1 Rg3 32. Bf2 ({And not} 32. Qxe5 Rxf3+ 33. Ke1 Qh4+ 34. Ke2 Qh2+ 35. Ke1 Qh4+ 36. Ke2 Qh2+ 37. Ke1 $11) 32... Rdg8 33. Bxg3 Rxg3 34. Rxg3 fxg3 35. Qd2 Qh1+ 36. Ke2 Qh2+ 37. Ke3 {[%emt 0:00:59] White wants to mate with Qxh2.} g2 38. Qf2 h4 39. Kd3 Qh3 40. Nc5 {[%emt 0:00:31] White mates.} Qh2 41. Rg1 h3 42. Qh4+ Kg6 43. Qg4+ Kh7 {[%emt 0:01:20] [#]} 44. Ne6 $1 {[%emt 0:00:33] Weighted Error Value: White=0.13 (very precise) /Black=0.44} 1-0

[Event "Summer Prague Open-A 2022"]
[Site "Prague"]
[Date "2022.08.12"]
[Round "9.15"]
[White "Schimnatkowski, Lukas"]
[Black "Nemeth, Zalan"]
[Result "0-1"]
[ECO "B30"]
[WhiteElo "2189"]
[BlackElo "2194"]
[Annotator "TA"]
[PlyCount "62"]
[EventDate "2022.08.05"]
[EventType "swiss"]
[EventCountry "CZE"]
[SourceTitle "playchess.com"]
[Source "ChessBase"]
[SourceQuality "1"]
[TimeControl "40/5400+30:1800+30"]

1. e4 c5 2. Nf3 Nc6 3. Bb5 e5 4. O-O Bd6 5. a4 Nf6 6. d3 {[%emt 0:02:44] B30: Sicilian: 2...Nc6 3 Bb5, lines without ...g6.} h6 7. Bc4 Bc7 8. Nc3 {[%emt 0:00:29] The position is equal.} O-O {[%emt 0:02:03] [#]} 9. Re1 $146 ({Predecessor:} 9. h3 Ne7 10. Be3 b6 11. a5 Bb7 12. Re1 d5 13. exd5 Nfxd5 14. Bd2 Ng6 15. Nxd5 Bxd5 16. Bxd5 Qxd5 17. axb6 axb6 18. Rxa8 Rxa8 {0-1 (67) Skripchenko,A (2441)-Cramling,P (2513) Monte Carlo 2015}) 9... Re8 10. Be3 Nd4 11. Nd5 d6 12. c3 Nc6 13. Rc1 Ba5 14. Qd2 Be6 {[%emt 0:08:32] [#]} 15. Bxh6 $1 gxh6 16. Qxh6 Nh7 {[%emt 0:11:22] Prevents Qg5+.} 17. Re3 {[%emt 0:01:02][%mdl 1024] h4 is the strong threat. White has compensation.} Kh8 18. h4 {[%emt 0:06:27] And now Ng5 would win.} f6 {[%emt 0:06:43][%cal Bf7f6,Bf6f5][%mdl 32] Inhibits Ng5.} (18... Rg8 $5 19. Ng5 Rxg5 20. hxg5 Qxg5 21. Qxg5 Nxg5 $11) 19. h5 {[%emt 0:01:17] Threatens to win with Nh4.} f5 {[%emt 0:01:23] White must now prevent ...f4.} 20. Nh4 $2 {[%emt 0:07:42] Loses the game.} Qxh4 $19 21. Rg3 {[%emt 0:00:06][%csl Gg3][%cal Rh6g7] [#]} Rg8 {[%emt 0:00:13] Prevents Qg7+.} 22. Qxe6 Rxg3 (22... fxe4 $2 23. Rxg8+ Rxg8 {[#]} 24. Qxg8+ $3 (24. Nf4 Qg5 $15) 24... Kxg8 25. Ne7+ Kg7 26. Nf5+ Kh8 27. Nxh4 $18) 23. fxg3 Qxg3 {[%emt 0:04:33] aiming for ...Rg8.} ({Inferior is} 23... Qxh5 24. exf5 Rf8 25. Rf1 $15) 24. exf5 $2 (24. Rf1) 24... Rg8 25. Rc2 Bd8 ({But not} 25... Qe1+ $2 26. Kh2 Qh4+ 27. Kg1 Qe1+ 28. Kh2 Qh4+ 29. Kg1 Qe1+) (25... Nd8 $142 26. Qe7 Nc6) 26. f6 $2 (26. Re2) 26... Ng5 {[%emt 0:04:15] Black is clearly winning.} 27. Qxg8+ Kxg8 28. Ne7+ Kh7 29. Bg8+ Kh8 {[%emt 0:00:06] ( -> ...Nf3+)} 30. Bd5 {[%emt 0:00:36] Prevents Nf3+.} Bxe7 31. fxe7 Nxe7 {[%emt 0:00:05] Weighted Error Value: White=1.09/Black=0.16 (very precise)} 0-1

[Event "Summer Prague Open-A 2022"]
[Site "Prague"]
[Date "2022.08.12"]
[Round "9.16"]
[White "Hollan, Martin"]
[Black "Lhotska, Anna"]
[Result "1/2-1/2"]
[ECO "A13"]
[WhiteElo "2399"]
[BlackElo "2113"]
[Annotator "TA"]
[PlyCount "123"]
[EventDate "2022.08.05"]
[EventType "swiss"]
[EventCountry "CZE"]
[SourceTitle "playchess.com"]
[Source "ChessBase"]
[SourceQuality "1"]
[TimeControl "40/5400+30:1800+30"]

1. c4 e6 2. Nf3 d5 3. d4 a6 4. e3 Nf6 5. Nc3 c5 6. cxd5 exd5 7. dxc5 {[%emt 0:03:33] D40: Queen's Gambit Declined: Semi-Tarrasch with 5 e3.} Bxc5 8. Bd3 O-O {[%emt 0:00:49] [#]} 9. Ne2 $146 ({Predecessor:} 9. O-O Nc6 10. h3 Re8 11. b3 Qd6 12. Bb2 Ba7 13. Ne2 Bd7 14. Rc1 Rad8 15. Qd2 Bb8 16. Rfd1 Qe7 17. Nf4 Bc8 18. Ba1 d4 19. Nxd4 Nxd4 20. Bxd4 Bxf4 21. Bxf6 Qxf6 22. exf4 Bf5 23. Qc2 Bxd3 24. Rxd3 {½-½ (24) Pikula,D (2440)-Budisavljevic,L (2359) Bajina Basta 2019}) 9... Nc6 10. a3 Re8 11. b4 Bd6 12. Bb2 Ne4 13. Ng3 Bg4 14. Be2 Qe7 {[%emt 0:05:21][%cal Od6b4] aiming for ...Bxb4+!} 15. O-O Rad8 16. Nd4 Bxe2 17. Qxe2 {[%emt 0:02:11] Threatens to win with Ngf5.} Ne5 18. Rad1 g6 19. Nf3 Bb8 20. Ba1 Qe6 21. a4 Nc4 (21... Nxf3+ $11 22. gxf3 Ng5) 22. Qd3 (22. Nxe4 $14 {should be considered.} Qxe4 23. Qd3) 22... Nxg3 (22... Bxg3 $5 23. hxg3 f6 $11) 23. hxg3 Qc6 (23... Rd6 $14) 24. Qd4 $16 Ne5 {[%emt 0:00:38] [#]} 25. Qh4 (25. Nh2 $1 $16) 25... Nxf3+ 26. gxf3 Rd7 (26... d4 $14) 27. b5 axb5 28. axb5 Qe6 29. Kg2 {[%emt 0:02:27][%cal Oh4h7] [#] Hoping for Qxh7+!} Be5 30. Bxe5 Qxe5 31. Rh1 f5 (31... h5 $1 $14) 32. Rd2 Red8 33. Rd4 ({Better is} 33. Rc1 $16) 33... Qe6 (33... Qe7 $14) 34. Rc1 Qb6 35. Rb1 {[%emt 0:00:28] White is more active.} Qc5 36. Qf6 Qd6 $1 37. Qxd6 (37. Qg5 $5 ) 37... Rxd6 $14 {[%emt 0:00:06][%mdl 4096] Endgame KRR-KRR} 38. Rc1 Kf7 39. Rc7+ R8d7 $1 40. Rc5 Ke6 41. g4 b6 42. Rc8 Ra7 43. g5 (43. Kg3 $16) 43... Rdd7 $11 44. Rc6+ Rd6 45. e4 Rad7 (45... Rxc6 $11 46. exd5+ Ke5 47. bxc6 Kd6) 46. exd5+ Ke5 {[%emt 0:00:27] The position is equal.} 47. Rd1 {[%emt 0:01:50] Black must now prevent Kg3.} Kf4 48. Rh1 Kxg5 (48... Rxd5 {looks sharper.} 49. Rxb6 Kxg5 50. Kg3 f4+) 49. Rxh7 $1 Rxd5 50. Rxd7 Rxd7 51. Rxb6 {[%emt 0:00:05] KR-KR} Rd1 52. f4+ Kxf4 53. Rxg6 Rb1 54. Rb6 Rb2 55. Rb8 Rb3 56. b6 Rb2 57. Rb7 Rb3 58. Rb8 Rb2 59. b7 Rb3 60. Kh2 Rb2 61. Kh3 Rb1 62. Kg2 {[%emt 0:00:19] Weighted Error Value: White=0.13 (very precise) /Black=0.16 (very precise)} 1/2-1/2

[Event "Summer Prague Open-A 2022"]
[Site "Prague"]
[Date "2022.08.12"]
[Round "9.17"]
[White "Pap, Gyula"]
[Black "Winter, Ondrej"]
[Result "1-0"]
[ECO "B17"]
[WhiteElo "2481"]
[BlackElo "2168"]
[Annotator "TA"]
[PlyCount "53"]
[EventDate "2022.08.05"]
[EventType "swiss"]
[EventCountry "CZE"]
[SourceTitle "playchess.com"]
[Source "ChessBase"]
[SourceQuality "1"]
[TimeControl "40/5400+30:1800+30"]

1. e4 c6 2. d4 d5 3. Nd2 dxe4 4. Nxe4 Nd7 5. Ng5 Ngf6 6. Bd3 e6 7. N1f3 Bd6 8. Qe2 h6 9. Ne4 Nxe4 10. Bxe4 Nf6 11. Bd3 b6 12. a4 {[%emt 0:03:20] [#] B17: Caro-Kann: Modern Line (4...Nd7).} O-O $146 ({Predecessor:} 12... a5 13. O-O Qc7 14. h3 Nd5 15. Ne5 Bxe5 16. dxe5 Nb4 17. Bc4 Ba6 18. Bxa6 Nxa6 19. f4 g6 {½-½ (47) Dimitrov,R (2459)-Emiroglu,C (2328) Skopje 2014}) 13. g4 Nxg4 {[%emt 0:19:53] [#]} (13... e5 $14 14. dxe5 Re8) 14. h3 $1 $18 {[%emt 0:05:06] White is clearly better.} ({Worse is} 14. Qe4 f5 15. Qe2 (15. Qxc6 $2 Rb8 $19) 15... c5 $17) 14... e5 {[%emt 0:05:27][%cal Oe5d4] White must now prevent ...exd4!} 15. hxg4 exd4 {[%emt 0:01:56] And now ...Re8 would win.} 16. Nd2 ({Resist} 16. Nxd4 Bb4+ 17. c3 Qxd4) 16... Re8 (16... f5 {is a better defense.}) 17. Ne4 f5 18. gxf5 Bxf5 19. Bd2 Qe7 20. f3 {[%emt 0:02:11] [#] aiming for 0-0-0.} Bxe4 21. Bxe4 Bg3+ 22. Kf1 Qf7 23. Rg1 d3 24. cxd3 {[%emt 0:01:44] White is clearly winning.} Bf4 25. Bxf4 Qxf4 26. Rg4 Qe5 27. Kg2 {[%emt 0:00:42] Black did not feel at home in the position after the opening.  Weighted Error Value: White=0.08 (flawless) /Black=0.55} 1-0

[Event "Summer Prague Open-A 2022"]
[Site "Prague"]
[Date "2022.08.12"]
[Round "9.18"]
[White "Meissner, Felix"]
[Black "Kristiansen, Willy M"]
[Result "1-0"]
[ECO "A14"]
[WhiteElo "2381"]
[BlackElo "2121"]
[Annotator "TA"]
[PlyCount "39"]
[EventDate "2022.08.05"]
[EventType "swiss"]
[EventCountry "CZE"]
[SourceTitle "playchess.com"]
[Source "ChessBase"]
[SourceQuality "1"]
[TimeControl "40/5400+30:1800+30"]

1. Nf3 d5 2. c4 e6 3. g3 Nf6 4. Bg2 Be7 5. O-O O-O 6. b3 b6 7. Bb2 {[%emt 0:02:28] A14: English Opening: 1...e6 with b3 by White.} c5 8. d4 cxd4 (8... Nbd7 $11 {was preferrable.}) 9. cxd5 {[%emt 0:00:30] White is slightly better.} Nxd5 10. Nxd4 Bb7 11. Nd2 Nc6 12. Ne4 (12. Nxc6 $14 Bxc6 13. Rc1) 12... Rc8 $11 13. Rc1 {[%emt 0:02:44] [#]} Na5 $146 ({Predecessor:} 13... Qd7 14. Nxc6 Bxc6 15. Nc3 Nxc3 16. Rxc3 Qxd1 17. Rxd1 Bb5 18. Bf3 Rxc3 19. Bxc3 {½-½ (31) Harikrishna,P (2713)-Duda,J (2755) Prague 2020}) 14. Rxc8 Qxc8 15. Nb5 Qd7 16. a4 ({Much weaker is} 16. Nxa7 Ba8 17. Qd4 f6 $17) (16. Nbc3 $11 {remains equal.}) 16... a6 (16... Rd8 $17 {[%cal Od5f4] ...Nf4! is the strong threat.} 17. Qd4 f6) 17. Nbc3 $15 ({Reject} 17. Qd4 f6 18. Nbc3 Nxb3 $17) 17... Rd8 ({Better is} 17... f6 $15) 18. Nxd5 $11 Bxd5 (18... exd5 $11 19. Qd4 f6 20. Qxb6 dxe4 21. Qxa5 Qd5 22. Qxd5+ Bxd5) 19. Qd4 $1 $16 Bf8 {[%emt 0:00:34][%mdl 8192] [#]} (19... f6 $16) 20. Nf6+ $1 {[%emt 0:02:22][%mdl 512] Weighted Error Value: White=0.21 (precise) /Black=0.28 (precise)} 1-0

[Event "Summer Prague Open-A 2022"]
[Site "Prague"]
[Date "2022.08.12"]
[Round "9.19"]
[White "Risting, Eivind Olav"]
[Black "Seitz, Patrick"]
[Result "1-0"]
[ECO "A61"]
[WhiteElo "2325"]
[BlackElo "2170"]
[Annotator "TA"]
[PlyCount "93"]
[EventDate "2022.08.05"]
[EventType "swiss"]
[EventCountry "CZE"]
[SourceTitle "playchess.com"]
[Source "ChessBase"]
[SourceQuality "1"]
[TimeControl "40/5400+30:1800+30"]

1. d4 Nf6 2. c4 c5 3. d5 e6 4. Nc3 exd5 5. cxd5 d6 6. Nf3 g6 7. Bf4 Bg7 8. Qa4+ Bd7 9. Qb3 Qc7 10. e4 O-O 11. Be2 Nh5 12. Be3 Bg4 13. h3 Bxf3 14. Bxf3 Nd7 15. O-O Nhf6 16. Bf4 a6 17. a4 Rfe8 18. Rfe1 Ne5 {[%emt 0:00:31] A70: Modern Benoni: 6 e4 g6 7 Nf3.} 19. Be2 Nfd7 20. Qc2 Rab8 {[%emt 0:03:21] The position is equal.} 21. Be3 {[%emt 0:03:02] [#] aiming for f4.} f6 $146 (21... c4 $1 $11) ({Predecessor:} 21... c4 22. a5 Nc5 23. f3 Nb3 24. Bb6 Nxa1 25. Rxa1 Qc8 26. Ra4 Qd7 27. Rxc4 Rbc8 28. Rxc8 Qxc8 29. Qb3 Nd7 30. Bf2 Qc7 {½-½ (67) Wanger,T (1959)-Kaufmann,P (1909) Hungary 2013}) 22. a5 $16 Re7 23. Nb1 Nf7 24. Nd2 Bh6 25. Bg4 Bxe3 26. Rxe3 (26. fxe3 Nfe5 $11) 26... Kg7 27. f4 Rbe8 28. Be6 {[%emt 0:01:23] Against f5} ({White should play} 28. Qc3 $18) 28... Nd8 29. f5 Ne5 30. Rc3 gxf5 $2 (30... Qb8 $16) 31. exf5 $18 (31. Bxf5 Ndf7 32. Qd1 Nh6 $16) 31... Kh8 32. Ne4 Rf8 (32... c4 {keeps fighting.} 33. Qf2 Rg7) 33. Qf2 {[%emt 0:01:47][%cal Rc3c5] And now Rxc5! would win.} Rg7 34. Rg3 Nxe6 (34... Rxg3 {might work better.} 35. Qxg3 Qe7) 35. fxe6 (35. dxe6 Rxg3 36. Nxg3 (36. Qxg3 d5 $14) 36... d5 $16) 35... Rxg3 36. Qxg3 f5 37. Nc3 (37. Qf4 $18 {is more deadly.}) 37... Rg8 38. Qf2 Qg7 39. Rd1 {[%emt 0:00:54] Against Nd3} (39. Kh1 $16) 39... c4 (39... f4 $1 $11) 40. Rd2 ({Better is} 40. Kh1 $16) 40... Qg5 (40... Qh6 $1 $11 {remains equal.} 41. Kh1 f4) 41. Re2 Rg7 $2 {[%emt 0:07:55][%mdl 8192] [#]} (41... Kg7 $16) 42. Kh1 $2 (42. Rxe5 $1 dxe5 43. d6) 42... Qh5 {[%emt 0:04:41] [#]} (42... Rg8 43. Rc2 h6) 43. Qd4 $2 (43. Rxe5 $1 dxe5 44. d6) 43... Nf3 $2 (43... Qg5 44. Qf2 Nd3) 44. Qb6 (44. Qf6 $142 h6 45. e7) 44... Qg5 (44... Rg3 $142 45. Qd8+ (45. Qxd6 $2 {leads to mate.} Qxh3+ 46. gxh3 Rg1#) 45... Kg7 46. Qe7+ (46. Qxd6 $2 {gets mated.} Qxh3+ 47. gxh3 Rg1#) 46... Kg8 47. Qf7+ (47. Qxd6 $2 Qxh3+ 48. gxh3 Rg1#) 47... Qxf7 48. exf7+ Kxf7) 45. Qe3 {[%emt 0:02:51] Active counter play!} (45. gxf3 {is a self mate.} Qc1+ 46. Kh2 Qf4+ 47. Kh1 Qxf3+ 48. Kh2 Qg3+ 49. Kh1 Qxh3+ 50. Rh2 Qf3+) 45... Qxe3 46. Rxe3 Ne5 {[%emt 0:00:04] [#]} 47. Rxe5 $1 {[%emt 0:00:07][%mdl 512] Weighted Error Value: White=1.04/Black=0.76} 1-0